sajj, chaotic female human Rogue ------- ....... #@q...>...| f - ------ ----- ### |.... # |...| ### |<..| # |....######## |...| ----- sajj the Cutpurse Experience level: 5 Strength: 13 Dexterity: 17 Constitution: 15 Intelligence: 10 Wisdom: 10 Charisma: 9 Health: 0(36) Energy: 15(15) Def: 4 Gold: 0 Moves: 2430 Dungeon seed: 3qeeRTofpfjvF6Xz Game ID: sajj_1517403607 Your Inventory: Weapons a - an uncursed +0 dagger named Biter (weapon in hand) b - 8 uncursed +0 daggers (in quiver) j - an uncursed +0 orcish dagger t - 11 uncursed +0 darts v - an uncursed +0 dagger Armor e - an uncursed +1 leather armor (being worn) q - an uncursed +0 orcish helm (being worn) r - an uncursed +0 dwarvish cloak (being worn) Comestibles h - an uncursed egg u - an uncursed food ration O - a cursed eucalyptus leaf P - a cursed fortune cookie R - a cursed tripe ration Wands x - a cursed wand of digging (0:3) K - a cursed wand of undead turning (0:6) Tools k - an uncursed lock pick B - an uncursed sack S - an uncursed blindfold T - 12 cursed tallow candles (0:200) U - 7 cursed wax candles (0:400) V - 4 cursed partly used wax candles (0:204) W - a cursed magic flute (0:6) X - a cursed oil lamp (0:1383) Y - an uncursed leash Gems n - an uncursed worthless piece of orange glass Contents of the sack: 1156 gold pieces an uncursed +0 short sword a cursed scroll of create monster a cursed scroll of enchant armor a cursed scroll of enchant weapon an uncursed scroll of food detection a cursed scroll of genocide an uncursed scroll of identify a cursed scroll of magic mapping a cursed scroll of taming an uncursed scroll of teleportation an uncursed spellbook of turn undead a cursed potion of confusion a cursed potion of gain energy an uncursed potion of hallucination an uncursed potion of monster detection a cursed potion of object detection a cursed potion of paralysis an uncursed potion of sickness an uncursed potion of speed a potion of unholy water a cursed -1 ring of gain strength a cursed ring of levitation an uncursed mirror 2 uncursed worthless pieces of red glass Spells and supernatural/magical abilities: Name Level Category Fail Memory W - pray for help -- divine ? -- Your skills at the end: Fighting Skills Weapon Skills dagger [Skilled] short sword [Basic] Spellcasting Skills Final Attributes: You were piously aligned. You were stealthy. You were lucky. You are dead. Vanquished creatures: a ghost a little dog a dwarf a giant bat a monkey an acid blob 2 coyotes 2 gas spores 2 large kobolds a yellow mold 2 red molds a gnome zombie 3 geckos 17 jackals a fox 2 goblins 3 grid bugs 4 lichens a kobold zombie 9 newts 56 creatures vanquished. Voluntary challenges: You used a wielded weapon 90 times, starting on turn 2. You read items or engraved 4 times, starting on turn 1812. You never genocided any monsters. You never polymorphed an object. You never changed form. You used no wishes. You never split a pudding. You wrote Elbereth's name 2 times, starting on turn 1812. You never violated your personal moral code. Dungeon overview: The Dungeons of Doom: levels 1 to 6 Level 1 a fountain a long staircase Level 2 a fountain Level 3 a fountain Level 4 a fountain stairs to The Gnomish Mines Level 5 Level 6 <- You were here The Gnomish Mines: Level 5 stairs to The Dungeons of Doom History has recorded: On T:1 you entered the Dungeons of Doom to retrieve the Amulet of Yendor! On T:79 you reached level 2 of The Dungeons of Doom. On T:558 you advanced to experience level 2. On T:1187 you advanced to experience level 3. On T:1205 you reached level 4 of The Dungeons of Doom. On T:1467 you reached level 5 of The Dungeons of Doom. On T:1813 you advanced to experience level 4. On T:1854 you reached level 1 of The Gnomish Mines. On T:1952 you reached level 6 of The Dungeons of Doom. On T:2327 you advanced to experience level 5. Score breakdown: Gold: 1156 (10420 points) Experience: 5 levels (11141 points) Exploration: 6 levels ( 12.24%) ( 9682 points) Discoveries: 1 item ( 0.34%) ( 1737 points) Valuables value: (no points given unless you survive) Artifact value: 0 ( 0 points) Variety of kills: 20 monsters ( 5.25%) ( 6873 points) Turncount: 2430 turns ( -288 points) Survival: died (score multiplied by 80%) Total score: 31652 Latest messages: You fall down the stairs. You displace Trouble. You hear a jackal howling at the moon. You displace Trouble. You hear a jackal howling at the moon. (2x) You hear bubbling water. You displace Trouble. You hear a jackal howling at the moon. You hear the splashing of a naiad. You hear a jackal howling at the moon. (2x) The door opens. You stop exploring. You hit the rothe. The rothe hits! The rothe bites! (2x) The rothe misses. The rothe bites! (2x) You write in the dust with your fingers. You add to the writing in the dust with your fingers. The rothe hits! The rothe bites! (2x) You die... Final status: Goodbye sajj the Rogue, killed by a rothe... You died in The Dungeons of Doom on dungeon level 6 with 31652 points, and 1156 pieces of gold, after 2430 moves. You were level 5 with a maximum of 36 hit points when you died.